 Dungeon Sprint DCSS version 0.30-a0-393-g54b8e3be05 (webtiles) character file.

Game seed: 9584789504995909072

112 retardedninja the Severer (level 9, -5/90 HPs)
             Began as a Hill Orc Fighter on Dec 5, 2022.
             Was an Initiate of Gozag.
             Slain by an eight-headed hydra (6 damage)
             ... summoned by a witch
             ... in the Dungeon (Sprint VI: "Thunderdome").
             The game lasted 00:07:00 (632 turns).

retardedninja the Severer (Hill Orc Fighter)         Turns: 632, Time: 00:07:01

Health: -5/90      AC: 15    Str: 27    XL:     9   Next: 57%
Magic:  9/9        EV:  8    Int:  8    God:    Gozag
Gold:   659        SH: 18    Dex: 15    Spells: 8/8 levels left

rFire   . . .      SeeInvis +    a - +0 war axe
rCold   . . .      Faith    .    f - +2 tower shield "Moclem" {Will+ Dex+5 Stlth+}
rNeg    + . .      Spirit   .    d - +1 chain mail {rPois}
rPois   +          Reflect  .    g - +1 helmet of Saruol {rC+ Str+4}
rElec   +          Harm     .    (no cloak)
rCorr   .          Rampage  .    (no gloves)
Will    +....      NoTele   +    (no boots)
Stlth   ..........               p - amulet "Aggoq" {rElec rC- rN+ Regen+ SInv}
HPRegen 1.15/turn                (no ring)
MPRegen 0.11/turn                (no ring)

@: no status effects
A: no striking features
a: Renounce Religion, Potion Petition, Call Merchant, Bribe Branch


You were in the Dungeon.
You worshipped Gozag.
Gozag was pleased with you.
You visited 1 branch You collected 1665 gold pieces.
You spent 1006 gold pieces at shops.

Inventory:

Hand Weapons
 a - a +0 war axe (weapon)
Armour
 b - a +0 scale mail
 c - a +0 buckler
 d - a +1 chain mail of poison resistance (worn)
 f - the +2 tower shield "Moclem" (worn) {Will+ Dex+5 Stlth+}
   (You bought it in a shop in the Dungeon)

   Dex:       It affects your dexterity (+5).
   Will:      It increases your willpower.
   Stlth:     It makes you more stealthy.
 g - the +1 helmet of Saruol (worn) {rC+ Str+4}
   (You bought it in a shop in the Dungeon)

   Str:       It affects your strength (+4).
   rC:        It protects you from cold.
Jewellery
 o - the amulet of the Greedy {Faith SInv}
   (You bought it in a shop in the Dungeon)

   [amulet of faith]

   It allows you to gain divine favour quickly.
   SInv:      It lets you see invisible.
 p - the amulet "Aggoq" (around neck) {rElec rC- rN+ Regen+ SInv}
   (You bought it in a shop in the Dungeon)

   [amulet of regeneration]

   rC:        It makes you vulnerable to cold.
   rElec:     It insulates you from electricity.
   rN:        It protects you from negative energy.
   SInv:      It lets you see invisible.
   Regen:     It increases your rate of health regeneration.
Wands
 e - a wand of paralysis (5)
 m - a wand of roots (5)
Scrolls
 j - 2 scrolls of blinking
 n - a scroll of fog
Potions
 h - 2 potions of magic
 i - 8 potions of curing


   Skills:
 + Level 12.0 Fighting
 + Level 16.2 Axes
 + Level 11.2 Armour
 + Level 5.1 Dodging
 + Level 1.9 Stealth
 + Level 9.6 Shields
 + Level 3.1 Evocations


You had 8 spell levels left.
You didn't know any spells.
Your spell library was empty.

Dungeon Overview and Level Annotations

Branches:
Dungeon (1/1)

Altars:
Cheibriados
Dithmenos
Fedhas
Gozag
Kikubaaqudgha
Makhleb
Okawaru
Qazlal
Ru
Sif Muna
Trog
Uskayaw
Vehumet
Wu Jian
Xom
Yredelemnul
Zin
The Shining One
Beogh
Lugonu

Shops:
D *[??*?*:[((!!!!


Message History

You completely miss the witch.
You slice one of the six-headed hydra's heads off!
The five-headed hydra grows two more!
You slash the seven-headed hydra!
You chop one of the five-headed hydra's heads off!
The four-headed hydra grows two more!
You slash the six-headed hydra! You block the witch's attack.
You block the six-headed hydra's attack.
The six-headed hydra bites you.
* * * LOW HITPOINT WARNING * * *
The six-headed hydra bites you but does no damage.
You block the six-headed hydra's attack. x2
The six-headed hydra bites you!
* * * LOW HITPOINT WARNING * * *
The seven-headed hydra barely misses you.
The seven-headed hydra completely misses you.
You block the seven-headed hydra's attack.
The seven-headed hydra bites you but does no damage. x2
You block the seven-headed hydra's attack.
The seven-headed hydra bites you but does no damage.
You slice the witch!!
The witch is lightly wounded.
You slice one of the six-headed hydra's heads off!
The five-headed hydra grows two more!
You slash the seven-headed hydra!
You lop one of the seven-headed hydra's heads off!
The six-headed hydra grows two more!
You slash the eight-headed hydra! The witch hits you but does no damage.
The seven-headed hydra closely misses you.
The seven-headed hydra barely misses you.
The seven-headed hydra bites you but does no damage. x2
You block the seven-headed hydra's attack. x2
The seven-headed hydra bites you.
* * * LOW HITPOINT WARNING * * *
The eight-headed hydra bites you!
* * * LOW HITPOINT WARNING * * *
You block the eight-headed hydra's attack. x2
The eight-headed hydra bites you.
* * * LOW HITPOINT WARNING * * *
The eight-headed hydra bites you.
You die...
Your body crumbles into a pile of gold.

#_......._ #_........
###.........
#⌠..........
######.8.........
##..__......###...
###∩........8.# #.8.
##.Dp..........###...
#⌠)(@D......###...###
#⌠..........# #.<.# #
#⌠.[....[...###...###
##$$...).......###...
###∩........8.# #.8.
##∩___..)...###...
######.8.........
#⌠..........
###....O....


You could see an eight-headed hydra (summoned), a seven-headed hydra (summoned)
and a witch (invisible).

Vanquished Creatures
  Erolcha (D)
  An orange demon (D)
  An ice devil (D)
  4 hellwings (D)
  Grinder (D)
  2 ogres (D)
  A crimson imp (D)
  A quasit (D)
  Terence (D)
  Jessica (D)
  A white imp (D)
  An endoplasm (D)
  A giant cockroach (D)
  A kobold (D)
18 creatures vanquished.

Notes
Turn   | Place    | Note
-------+----------+-------------------------------------------
     0 | D        | retardedninja the Hill Orc Fighter began the quest for the
                  | Orb.
     0 | D        | Reached XP level 1. HP: 19/19 MP: 1/1
     3 | D        | Found an ancient bone altar of Kikubaaqudgha.
     3 | D        | Found a stormy altar of Qazlal.
     4 | D        | Found an iron altar of Okawaru.
     4 | D        | Found a roughly hewn altar of Beogh.
     5 | D        | Found a bloodstained altar of Trog.
     5 | D        | Found a sacrificial altar of Ru.
     5 | D        | Found Estuh's Staff Store.
     5 | D        | Found Idysoff's Magic Scroll Shop.
     5 | D        | Round 1.
     6 | D        | Found Xaur's Must-Have Magic.
     6 | D        | Found Dyliwam's Magic Scroll Shop.
    15 | D        | Found a basalt altar of Yredelemnul.
    16 | D        | Found a glowing silver altar of Zin.
    20 | D        | Found an opulent altar of Gozag.
    20 | D        | Found a shimmering blue altar of Sif Muna.
    20 | D        | Found a burning altar of Makhleb.
    20 | D        | Found Irchant's Identification Station.
    21 | D        | Found Destel's Jewellery.
    21 | D        | Found Qubohela's Advanced Armour.
    27 | D        | Found an ornate altar of the Wu Jian Council.
    32 | D        | Found a shimmering altar of Xom.
    36 | D        | Became a worshipper of Gozag Ym Sagoz the Greedy
    41 | D        | Reached skill level 3 in Axes
    55 | D        | Bought a glittering crystal amulet for 45 gold pieces
    55 | D        | Identified the amulet of the Greedy {Faith SInv} (You
                  | bought it in a shop in the Dungeon)
    55 | D        | Bought a sparkling emerald amulet for 45 gold pieces
    55 | D        | Identified the amulet "Aggoq" {rElec rC- rN+ Regen+ SInv}
                  | (You bought it in a shop in the Dungeon)
    66 | D        | HP: 1/20 [poisoned by a kobold]
    90 | D        | Noticed Terence
    95 | D        | Killed Terence
    95 | D        | Noticed Jessica
    96 | D        | Reached skill level 5 in Fighting
    96 | D        | Reached skill level 4 in Axes
    96 | D        | Reached XP level 2. HP: 29/29 MP: 2/2
    96 | D        | Reached XP level 3. HP: 36/36 MP: 3/3
   119 | D        | Killed Jessica
   119 | D        | Arena points: 12 (+12) [x2]
   120 | D        | Reached skill level 5 in Axes
   120 | D        | Reached skill level 5 in Armour
   120 | D        | Reached skill level 5 in Shields
   135 | D        | Found a shadowy altar of Dithmenos.
   137 | D        | Found Aroezior's Premium Goods.
   139 | D        | Found Ranuw's Miscellaneous Merchandise.
   139 | D        | Found Azomuuff's Basic Armour.
   143 | D        | Found a blossoming altar of Fedhas.
   143 | D        | Found a glowing golden altar of the Shining One.
   143 | D        | Found Casus's Weapon Rack.
   162 | D        | Round 2.
   165 | D        | Found a corrupted altar of Lugonu.
   167 | D        | Found a snail-covered altar of Cheibriados.
   167 | D        | Found a radiant altar of Vehumet.
   169 | D        | Found Lositwav's Do-It-Yourself Clinic.
   171 | D        | Found a hide-covered altar of Uskayaw.
   171 | D        | Found Lybbeda's Distillery.
   172 | D        | Found Jott's Bottled Wisdom.
   172 | D        | Found Ruil's Distillery.
   180 | D        | Bought 4 potions of curing for 84 gold pieces
   180 | D        | Bought 4 potions of curing for 84 gold pieces
   180 | D        | Bought 4 potions of curing for 84 gold pieces
   231 | D        | Reached skill level 6 in Axes
   231 | D        | Reached XP level 4. HP: 44/44 MP: 4/4
   231 | D        | Noticed Grinder
   235 | D        | Paralysed by Grinder for 3 turns
   236 | D        | Reached skill level 7 in Axes
   236 | D        | Reached XP level 5. HP: 51/51 MP: 5/5
   246 | D        | Paralysed by Grinder for 5 turns
   251 | D        | Killed Grinder
   252 | D        | Reached skill level 10 in Axes
   252 | D        | Reached skill level 1 in Dodging
   252 | D        | Reached XP level 6. HP: 50/61 MP: 6/6
   277 | D        | Arena points: 22 (+10) [x1]
   292 | D        | Round 3.
   293 | D        | Noticed a hellwing
   294 | D        | Noticed a hellwing
   316 | D        | Killed a hellwing
   317 | D        | Reached skill level 12 in Axes
   317 | D        | Reached XP level 7. HP: 35/69 MP: 7/7
   326 | D        | Noticed a hellwing
   338 | D        | HP: 3/69 [hellwing (7)]
   351 | D        | Killed a hellwing
   352 | D        | Reached skill level 13 in Axes
   352 | D        | Reached skill level 1 in Evocations
   355 | D        | Killed a hellwing
   356 | D        | Reached XP level 8. HP: 30/79 MP: 8/8
   408 | D        | Noticed an orange demon
   421 | D        | Noticed an ice devil
   437 | D        | Killed an orange demon
   438 | D        | Reached skill level 10 in Fighting
   438 | D        | Reached skill level 14 in Axes
   438 | D        | Reached skill level 1 in Stealth
   442 | D        | Killed an ice devil
   443 | D        | Reached skill level 10 in Armour
   444 | D        | Noticed a hellwing
   485 | D        | Killed a hellwing
   485 | D        | Arena points: 64 (+42) [x2]
   486 | D        | Reached skill level 15 in Axes
   486 | D        | Reached XP level 9. HP: 26/86 MP: 9/9
   513 | D        | Round 4.
   522 | D        | Noticed Erolcha
   542 | D        | Killed Erolcha
   543 | D        | Reached skill level 16 in Axes
   543 | D        | Reached skill level 5 in Dodging
   605 | D        | Arena points: 112 (+48) [x3]
   612 | D        | Bought a masterwork tower shield for 332 gold pieces
   612 | D        | Identified the +2 tower shield "Moclem" {Will+ Dex+5
                  | Stlth+} (You bought it in a shop in the Dungeon)
   620 | D        | Round 5.
   622 | D        | Bought an encrusted helmet for 332 gold pieces
   622 | D        | Identified the +1 helmet of Saruol {rC+ Str+4} (You bought
                  | it in a shop in the Dungeon)
   623 | D        | Noticed a witch
   626 | D        | Noticed a four-headed hydra
   628 | D        | Noticed a four-headed hydra
   632 | D        | HP: 3/90 [eight-headed hydra[a witch] (9)]
   632 | D        | HP: 1/90 [eight-headed hydra[a witch] (2)]
   632 | D        | Slain by an eight-headed hydra

Illustrated notes

Levels and vault maps discovered:
D:        arena_sprint

Skill      XL: |  1  2  3  4  5  6  7  8  9 |
---------------+----------------------------+-----
Fighting       | 5 6 7 8 9 10 12 | 12.0
Axes           | 4 6 7 10 12 13 15 16 | 16.2
Armour         | 4 5 6 7 8 9 10 11 | 11.2
Shields        | 4 5 6 7 8 9 |  9.6
Dodging        | 1 2 3 4 5 |  5.1
Evocations     | 1 2 3 |  3.1
Stealth        | 1 |  1.9

Action                   |  1- 3 |  4- 6 |  7- 9 || total
-------------------------+-------+-------+-------++-------
Melee: War axe           |    34 |    26 |    91 ||   151
Evoke: Wand              |       |       |     5 ||     5
  Use: Potion            |     5 |     4 |     8 ||    17
       Scroll            |       |       |     4 ||     4
 Stab: Invisible         |       |       |     1 ||     1
Armor: Scale mail        |    48 |    12 |    10 ||    70
       Chain mail        |       |       |    19 ||    19
Dodge: Dodged            |    32 |    22 |    45 ||    99
Block: Buckler           |    11 |     9 |    16 ||    36
       Tower shield      |       |       |    18 ||    18

Table legend: (Time is in decaauts)
 A = Elapsed time spent in this place.
 B = Non-inter-level travel time spent in this place.
 C = Inter-level travel time spent in this place.
 D = Time resting spent in this place.
 E = Time spent auto-exploring this place.
 F = Levels seen in this place.
 G = Mean time per level.
                   A        B        C        D        E       F      G
               +--------+--------+--------+--------+--------+-----+--------+
         Total |    575 |    573 |      2 |    147 |      6 |   1 |  575.0 |
       Dungeon |    575 |    573 |      2 |    147 |      6 |   1 |  575.0 |
               +--------+--------+--------+--------+--------+-----+--------+

Top non-repeatable levels by time:
       D: 575 daAuts
